 Dungeon Crawl Stone Soup version 0.31.0-9-g3a7656b989 (webtiles) character file.

Game seed: 4764692037957255266

4620 qw the Markself (level 10, -7/58 HPs)
             Began as a Deep Elf Hunter on Feb 2, 2024.
             Was a Follower of Okawaru.
             Mangled by a two-headed ogre
             ... wielding a +0 giant spiked club
              (9 damage)
             ... on level 8 of the Dungeon.
             The game lasted 00:00:49 (8037 turns).

qw the Markself (Deep Elf Hunter)                   Turns: 8037, Time: 00:00:50

Health: -7/58      AC: 15    Str: 16    XL:     10   Next: 19%
Magic:  12/12      EV: 14    Int: 15    God:    Okawaru [*.....]
Gold:   196        SH:  0    Dex: 20    Spells: 9/9 levels left

rFire   + + .        b - +0 orcbow
rCold   x . .        (shield currently unavailable)
rNeg    . . .        i - +0 fire dragon scales
rPois   +            (no helmet)
rElec   .            t - +2 cloak {rPois}
rCorr   .            (no gloves)
SInv    .            n - +2 pair of boots {rampage}
Will    +....        (no amulet) Stlth
                     e - +6 ring of strength
HPRegen 0.29/turn    (no ring)
MPRegen 0.13/turn

%: rampage
@: about to teleport
A: no striking features
a: Renounce Religion, Heroism


You were on level 8 of the Dungeon.
You worshipped Okawaru.
Okawaru was aware of your devotion.
You visited 2 branches of the dungeon, and saw 9 of its levels.
You also visited: Sewer.

You collected 493 gold pieces.
You spent 297 gold pieces at shops.


   Skills:
 - Level 4.4 Fighting
 + Level 15.4 Ranged Weapons
 - Level 3.2 Armour
 - Level 8.8 Dodging
 - Level 1.2 Stealth
 + Level 1.0 Invocations


You had 9 spell levels left.
You didn't know any spells.
Your spell library was empty.

Inventory:

Hand Weapons
 b - a +0 orcbow (weapon)
Armour
 h - +0 swamp dragon scales
 i - +0 fire dragon scales (worn)
 n - a +2 pair of boots of rampaging (worn)
 t - a +2 cloak of poison resistance (worn)
Jewellery
 e - a +6 ring of strength (left hand)
Wands
 a - a wand of acid (8)
 d - a wand of roots (18)
 k - a wand of mindburst (7)
 s - a wand of digging (7)
Potions
 f - 4 potions of curing
 g - 2 potions of might
 j - 2 potions of enlightenment
 o - a potion of resistance
 p - a potion of mutation
 r - a potion of lignification {unknown}

Dungeon Overview and Level Annotations

Branches:
Dungeon (8/15)             Temple (1/1) D:7           Sewer (visited)
   Lair: D:8-11

Altars:
Ashenzari
Cheibriados
Dithmenos
Elyvilon
Fedhas
Gozag
Hepliaklqana
Kikubaaqudgha
Makhleb
Nemelex Xobeh
Okawaru
Qazlal
Sif Muna
Trog
Uskayaw
Vehumet
Wu Jian
Xom
Yredelemnul
Zin
The Shining One

Shops:
D:5 *

Portals:
Bailey: D:8

Annotations:
D:2 Natasha


Message History

You feel drained.
The orc warrior hits you from afar with a +0 glaive.
You shoot an arrow.
The arrow hits the wight but does no damage.
The wight is severely damaged.
The wight hits you with a +4 dagger.
The orc warrior hits you from afar with a +0 glaive!
The wight misses you.
8027 ||| READING 2 scrolls of teleportation.
As you read the scroll of teleportation, it crumbles to dust.
You feel strangely unstable. The wight closely misses you.
The wight completely misses you. The orc warrior barely misses you.
Enter note:
8028 ||| RETREEEEATING.
Enter note:
8029 ||| RETREEEEATING.
You shoot an arrow. The arrow hits the wight.
The wight is almost destroyed.
Enter note:
8031 ||| RETREEEEATING.
Your surroundings suddenly seem different.
You shoot an arrow. The arrow hits the orc warrior!
You kill the orc warrior!
Okawaru accepts your kill.
Your life force feels restored.
Your Invocations skill increases to level 1!
8033 ||| FLEEEEING.
The orc shouts!
8034 ||| FLEEEEING.
8035 ||| FLEEEEING.
8036 ||| FLEEEEING.
A two-headed ogre comes into view.
It is wielding a +0 giant spiked club and a +0 giant club.
8037 ||| READING scroll of teleportation.
As you read the scroll of teleportation, it crumbles to dust.
You feel strangely unstable.
The two-headed ogre shouts in stereo!
The two-headed ogre hits you with a +0 giant spiked club!
The two-headed ogre hits you with a +0 giant club!
You die...

.z#.#.#)#.#.#.#.#.#.
##.#z#.#.#.#.#.#.#.#.
#.#z#.#.#.#.#.#.#.#.#
##.#.#.#o#.#.#.#.#.#
#. #.#.#.#.#.#.#.#.#.#
#.#
##.#.#.#.#.#.#.#.#.#.#
#.#.#.#.#.#.#.#.#.#.#
##.#.#.#.#.#.#.#.#.#
#.#.#.#.#.#.#@#.#.#
##.#.#.#.#.#.#O#.#
#.#.#.#.#.#.#.#)#.#
##.#.#.#.#.#.#.#.#.#.
#.#.#.#.#.)..)......#
##########))))~~~~.##
#)~##.##~.#
####.~#...#~.# #
#....~#.\.#~.###.


You could see a two-headed ogre and an orc.

Vanquished Creatures
  Pikel (D:5)
  Maurice (D:8)
  Maggie (D:6)
  Grinder (D:6)
  Prince Ribbit (D:5)
  Sigmund (D:3)
  Eustachio (D:4)
  Menkaure (D:5)
  Duvessa (D:5)
  A water moccasin (D:7)
  An orc warrior (D:8)
  2 ice beasts (D:7)
  4 black bears
  An ogre (D:4)
  2 centaurs
  2 lemures (D:5)
  Blork the orc (D:5)
  2 kobold brigands
  A brain worm (Sewer)
  A bullfrog (D:6)
  A scorpion (D:5)
  5 wights (D:7)
  Dowan (D:5)
  2 bombardier beetles (D:5)
  6 orc priests
  3 hounds
  2 jellies
  A sleepcap (D:5)
  Natasha (D:2)
  Ijyb (D:3)
  2 orc wizards
  12 adders
  7 gnolls
  3 river rats (Sewer)
  2 white imps (D:5)
  4 dart slugs
  4 ribbon worms
  25 orcs
  9 endoplasms
  5 giant cockroaches
  12 goblins
  7 hobgoblins
  9 jackals
  6 quokkas
  20 ball pythons
  23 bats
  2 frilled lizards (Sewer)
  22 kobolds
  5 rats
229 creatures vanquished.

Notes
Turn   | Place    | Note
-------+----------+-------------------------------------------
     0 | D:1      | qw the Deep Elf Hunter began the quest for the Orb.
     0 | D:1      | Reached XP level 1. HP: 12/12 MP: 3/3
     0 | D:1      | 0 ||| qw: Version: 0.3-a-155-g5e7d8dd
     0 | D:1      | 0 ||| qw: Game counter: 1643
     0 | D:1      | 0 ||| qw: Melee chars always use a shield: true
     0 | D:1      | 0 ||| qw: God list: Okawaru
     0 | D:1      | 0 ||| qw: Allow faded altars: false
     0 | D:1      | 0 ||| qw: Do Orc after clearing Dungeon:15 true
     0 | D:1      | 0 ||| qw: Do second Lair branch before Depths: true
     0 | D:1      | 0 ||| qw: Lair rune preference: random
     0 | D:1      | 0 ||| qw: Goals: Normal
     0 | D:1      | 0 ||| PLANNING D:1-11
    41 | D:1      | 41 ||| RETREEEEATING.
    42 | D:1      | 42 ||| RETREEEEATING.
    57 | D:1      | Reached XP level 2. HP: 11/16 MP: 4/4
    64 | D:1      | Reached skill level 6 in Ranged Weapons
   135 | D:1      | Found a faded altar of an unknown god.
   323 | D:1      | You fall into a shaft and drop 1 floor!
   401 | D:2      | HP: 4/16 [adder (4)]
   404 | D:2      | Reached XP level 3. HP: 5/20 MP: 5/5
   587 | D:2      | 587 ||| DROPPING amulet of magic regeneration.
   588 | D:2      | 588 ||| READING scroll labelled ASABICS YNAOFA.
   589 | D:2      | 589 ||| READING scroll labelled WIFIETHREIG.
   589 | D:2      | 589 ||| IDENTIFYING fuming pink potion
   590 | D:2      | 590 ||| DRINKING 2 glowing amethyst potions.
   591 | D:2      | 591 ||| DROPPING scroll of butterflies.
   592 | D:2      | 592 ||| DROPPING potion of ambrosia.
   675 | D:1      | Reached skill level 7 in Ranged Weapons
  1165 | D:2      | Reached XP level 4. HP: 25/25 MP: 6/6
  1298 | D:2      | Noticed Natasha
  1308 | D:2      | Killed Natasha
  1339 | D:2      | Reached skill level 8 in Ranged Weapons
  1380 | D:2      | Noticed Natasha
  1550 | D:2      | 1550 ||| UPGRADING to +6 ring of strength.
  1551 | D:2      | 1551 ||| READING 4 scrolls of identify.
  1551 | D:2      | 1551 ||| IDENTIFYING pink potion
  1552 | D:2      | 1552 ||| READING 3 scrolls of identify.
  1552 | D:2      | 1552 ||| IDENTIFYING sapphire potion
  1553 | D:2      | 1553 ||| READING 2 scrolls of identify.
  1553 | D:2      | 1553 ||| IDENTIFYING scroll labelled TOFUES XYFEON
  1597 | D:3      | Reached skill level 3 in Dodging
  1597 | D:3      | Reached XP level 5. HP: 29/29 MP: 7/7
  1684 | D:3      | Noticed Sigmund
  1698 | D:3      | Killed Sigmund
  1699 | D:3      | Reached skill level 9 in Ranged Weapons
  1699 | D:3      | Reached XP level 6. HP: 18/34 MP: 8/8
  1937 | D:3      | Noticed Ijyb
  1947 | D:3      | HP: 7/34 [Ijyb/+0 club (4)]
  1948 | D:3      | 1948 ||| READING scroll of teleportation.
  1948 | D:3      | HP: 2/34 [Ijyb/+0 club (5)]
  1949 | D:3      | 1949 ||| DRINKING 2 potions of heal wounds.
  2520 | D:3      | Killed Ijyb
  2571 | D:3      | 2571 ||| UPGRADING to +3 leather armour of poison
                  | resistance.
  2581 | D:3      | 2581 ||| DROPPING +0 leather armour.
  2582 | D:3      | 2582 ||| DROPPING +0 ring mail.
  2583 | D:3      | 2583 ||| UPGRADING to +2 pair of boots of rampaging.
  2588 | D:3      | 2588 ||| READING scroll of identify.
  2588 | D:3      | 2588 ||| IDENTIFYING murky amethyst potion
  2589 | D:3      | 2589 ||| READING scroll labelled QEABER ORCHOOFF.
  2642 | D:4      | Reached skill level 10 in Ranged Weapons
  2642 | D:4      | 2642 ||| FLEEEEING.
  2643 | D:4      | 2643 ||| STAIRDANCE
  2672 | D:4      | 2672 ||| STAIRDANCE
  3006 | D:4      | Reached XP level 7. HP: 39/40 MP: 9/9
  3086 | D:4      | Found a hazy altar of Hepliaklqana.
  3093 | D:4      | HP: 2/40 [ogre/+0 giant club (17)]
  3094 | D:4      | 3094 ||| READING scroll of teleportation.
  3095 | D:4      | 3095 ||| DRINKING potion of heal wounds.
  3126 | D:4      | Reached skill level 11 in Ranged Weapons
  3133 | D:4      | HP: 10/40 [gnoll/+0 club (6)]
  3134 | D:4      | HP: 3/40 [gnoll/+0 club (7)]
  3410 | D:4      | 3410 ||| DRINKING potion of haste.
  3598 | D:4      | Noticed Eustachio
  3614 | D:4      | Killed Eustachio
  3615 | D:4      | Reached skill level 12 in Ranged Weapons
  3615 | D:4      | 3615 ||| FLEEEEING.
  3616 | D:4      | 3616 ||| FLEEEEING.
  3803 | D:4      | Found a broken altar of Ashenzari.
  3896 | D:4      | 3896 ||| UPGRADING to +0 cloak.
  3901 | D:4      | 3901 ||| READING 2 scrolls of identify.
  3901 | D:4      | 3901 ||| IDENTIFYING coppery potion
  3902 | D:4      | 3902 ||| READING scroll of identify.
  3902 | D:4      | 3902 ||| IDENTIFYING fuming ruby potion
  3903 | D:4      | 3903 ||| READING scroll labelled PUGHOI BOFUNUW.
  3904 | D:4      | 3904 ||| READING scroll labelled QEOGIS GUOLI.
  3905 | D:4      | 3905 ||| READING 2 scrolls labelled DEKHLUN TEFERR.
  3905 | D:4      | 3905 ||| ENCHANTING +0 shortbow.
  3906 | D:4      | 3906 ||| READING scroll of enchant weapon.
  3906 | D:4      | 3906 ||| ENCHANTING +1 shortbow.
  3907 | D:4      | 3907 ||| DRINKING 3 fuming green potions.
  3908 | D:4      | 3908 ||| FLEEEEING.
  3909 | D:4      | 3909 ||| FLEEEEING.
  3910 | D:4      | 3910 ||| FLEEEEING.
  3911 | D:4      | 3911 ||| FLEEEEING.
  3912 | D:4      | 3912 ||| FLEEEEING.
  3913 | D:4      | 3913 ||| FLEEEEING.
  3914 | D:4      | 3914 ||| FLEEEEING.
  3915 | D:4      | 3915 ||| FLEEEEING.
  3916 | D:4      | 3916 ||| FLEEEEING.
  3917 | D:4      | 3917 ||| FLEEEEING.
  3918 | D:4      | 3918 ||| FLEEEEING.
  3919 | D:4      | 3919 ||| FLEEEEING.
  3920 | D:4      | 3920 ||| FLEEEEING.
  3921 | D:4      | 3921 ||| FLEEEEING.
  3922 | D:4      | 3922 ||| FLEEEEING.
  3923 | D:4      | 3923 ||| FLEEEEING.
  3924 | D:4      | 3924 ||| FLEEEEING.
  3925 | D:4      | 3925 ||| FLEEEEING.
  3926 | D:4      | 3926 ||| FLEEEEING.
  3927 | D:4      | 3927 ||| FLEEEEING.
  3928 | D:4      | 3928 ||| FLEEEEING.
  3929 | D:4      | 3929 ||| FLEEEEING.
  3930 | D:4      | 3930 ||| FLEEEEING.
  3931 | D:4      | 3931 ||| FLEEEEING.
  3932 | D:4      | 3932 ||| FLEEEEING.
  3933 | D:4      | 3933 ||| FLEEEEING.
  3934 | D:4      | 3934 ||| FLEEEEING.
  3935 | D:4      | 3935 ||| FLEEEEING.
  3936 | D:4      | 3936 ||| FLEEEEING.
  3937 | D:4      | 3937 ||| FLEEEEING.
  3938 | D:4      | 3938 ||| FLEEEEING.
  3939 | D:4      | 3939 ||| FLEEEEING.
  3940 | D:4      | 3940 ||| FLEEEEING.
  3941 | D:4      | 3941 ||| FLEEEEING.
  3942 | D:4      | 3942 ||| FLEEEEING.
  3943 | D:4      | 3943 ||| FLEEEEING.
  3944 | D:4      | 3944 ||| STAIRDANCE
  3946 | D:3      | 3946 ||| FLEEEEING.
  3947 | D:3      | 3947 ||| FLEEEEING.
  3948 | D:3      | 3948 ||| FLEEEEING.
  3949 | D:3      | 3949 ||| DRINKING 2 viscous cyan potions.
  3950 | D:3      | 3950 ||| DROPPING 2 potions of berserk rage.
  3951 | D:3      | 3951 ||| DROPPING potion of invisibility.
  3952 | D:3      | 3952 ||| DROPPING potion of attraction.
  3964 | D:5      | Entered Level 5 of the Dungeon
  3965 | D:5      | 3965 ||| PLANNING SEWER
  4020 | D:5      | Reached skill level 3 in Fighting
  4020 | D:5      | Reached XP level 8. HP: 46/46 MP: 10/10
  4083 | D:5      | Found a hide-covered altar of Uskayaw.
  4143 | D:5      | Found Kotuso's Assorted Antiques.
  4145 | D:5      | Found a glowing drain.
  4146 | D:5      | 4146 ||| DRINKING 2 amethyst potions.
  4147 | D:5      | 4147 ||| DROPPING potion of degeneration.
  4157 | Sewer    | Entered a sewer
  4683 | Sewer    | 4683 ||| READING scroll of identify.
  4683 | Sewer    | 4683 ||| IDENTIFYING scroll labelled ONIL PAOCLIAGH
  4684 | Sewer    | 4684 ||| READING scroll of enchant armour.
  4684 | Sewer    | 4684 ||| ENCHANTING +0 cloak.
  4685 | Sewer    | 4685 ||| READING scroll labelled TORAAXIAFE.
  4686 | Sewer    | 4686 ||| READING scroll labelled MIAFE EKAENU.
  4709 | D:5      | 4709 ||| PLANNING D:1-11
  4723 | D:5      | 4723 ||| BUYING runed scale mail (189 gold).
  4723 | D:5      | Bought a runed scale mail for 189 gold pieces
  4723 | D:5      | 4723 ||| BUYING shiny gold wand (108 gold).
  4723 | D:5      | Bought a shiny gold wand for 108 gold pieces
  4726 | D:5      | 4726 ||| READING scroll of enchant weapon.
  4726 | D:5      | 4726 ||| ENCHANTING +2 shortbow.
  4761 | D:5      | Reached skill level 13 in Ranged Weapons
  4781 | D:5      | Reached skill level 1 in Armour
  4781 | D:5      | 4781 ||| FLEEEEING.
  4782 | D:5      | 4782 ||| FLEEEEING.
  4783 | D:5      | 4783 ||| FLEEEEING.
  4784 | D:5      | 4784 ||| FLEEEEING.
  4785 | D:5      | 4785 ||| FLEEEEING.
  4786 | D:5      | 4786 ||| FLEEEEING.
  4840 | D:5      | Noticed Menkaure
  4846 | D:5      | Killed Menkaure
  4904 | D:5      | Noticed Pikel
  4906 | D:5      | 4906 ||| RETREEEEATING.
  4907 | D:5      | 4907 ||| RETREEEEATING.
  4908 | D:5      | 4908 ||| RETREEEEATING.
  4917 | D:5      | 4917 ||| RETREEEEATING.
  4918 | D:5      | 4918 ||| RETREEEEATING.
  4919 | D:5      | 4919 ||| RETREEEEATING.
  4920 | D:5      | 4920 ||| RETREEEEATING.
  4921 | D:5      | 4921 ||| RETREEEEATING.
  4922 | D:5      | 4922 ||| RETREEEEATING.
  4923 | D:5      | 4923 ||| RETREEEEATING.
  4925 | D:5      | 4925 ||| RETREEEEATING.
  4926 | D:5      | 4926 ||| RETREEEEATING.
  4927 | D:5      | 4927 ||| RETREEEEATING.
  4934 | D:5      | 4934 ||| RETREEEEATING.
  4935 | D:5      | 4935 ||| RETREEEEATING.
  4944 | D:5      | Killed Pikel
  4945 | D:5      | Reached skill level 14 in Ranged Weapons
  4945 | D:5      | Reached XP level 9. HP: 38/50 MP: 11/11
  5062 | D:5      | Noticed Blork the orc
  5068 | D:5      | Killed Blork the orc
  5576 | D:5      | Noticed Prince Ribbit
  5582 | D:5      | Killed Prince Ribbit
  5583 | D:5      | Reached skill level 6 in Dodging
  5681 | D:5      | 5681 ||| READING scroll labelled TANOCH HIMIGUOSAB.
  5782 | D:5      | 5782 ||| DROPPING wand of flame (24).
  5820 | D:6      | Noticed Duvessa
  5820 | D:6      | Noticed Dowan
  5823 | D:6      | Noticed Grinder
  5825 | D:6      | Paralysed by Grinder for 5 turns
  5831 | D:6      | 5831 ||| STAIRDANCE
  5862 | D:6      | 5862 ||| STAIRDANCE
  5866 | D:6      | 5866 ||| STAIRDANCE
  5870 | D:6      | 5870 ||| STAIRDANCE
  5877 | D:5      | Killed Duvessa
  5885 | D:5      | Killed Dowan
  5891 | D:6      | 5891 ||| STAIRDANCE
  5935 | D:6      | Paralysed by Grinder for 4 turns
  5940 | D:6      | Killed Grinder
  6187 | D:6      | Found a radiant altar of Vehumet.
  6529 | D:6      | Noticed Maggie
  6530 | D:6      | 6530 ||| DRINKING potion of haste.
  6545 | D:6      | Killed Maggie
  6656 | D:6      | 6656 ||| DROPPING +1 scale mail of positive energy.
  6657 | D:6      | 6657 ||| UPGRADING to +0 swamp dragon scales.
  6667 | D:6      | 6667 ||| DROPPING +3 leather armour of poison resistance.
  6668 | D:6      | 6668 ||| UPGRADING to +2 cloak of poison resistance.
  6678 | D:6      | 6678 ||| UPGRADING to +0 fire dragon scales.
  6688 | D:6      | 6688 ||| DROPPING +1 cloak.
  6689 | D:6      | 6689 ||| READING scroll of identify.
  6689 | D:6      | 6689 ||| IDENTIFYING viscous amethyst potion
  6769 | D:7      | 6769 ||| RETREEEEATING.
  7040 | D:7      | Found a staircase to the Ecumenical Temple.
  7041 | D:7      | 7041 ||| PLANNING TEMPLE
  7048 | Temple   | Entered the Ecumenical Temple
  7049 | Temple   | 7049 ||| PLANNING OKAWARU WORSHIP
  7061 | Temple   | Became a worshipper of Warmaster Okawaru
  7062 | Temple   | 7062 ||| PLANNING D:1-11
  7185 | D:7      | Reached skill level 3 in Armour
  7361 | D:7      | Reached XP level 10. HP: 58/58 MP: 12/12
  7368 | D:7      | 7368 ||| SWAPPING to +0 orcbow.
  7369 | D:7      | 7369 ||| DROPPING +3 shortbow.
  7556 | D:7      | Found a basalt altar of Yredelemnul.
  7871 | D:8      | Noticed Maurice
  7879 | D:8      | 7879 ||| ZAPPING wand of acid (9) at 5,-5 (Maurice; floor).
  7880 | D:8      | 7880 ||| ZAPPING wand of mindburst (10) at 4,-4 (Maurice;
                  | floor).
  7881 | D:8      | 7881 ||| ZAPPING wand of mindburst (9) at 3,-3 (Maurice;
                  | floor).
  7882 | D:8      | 7882 ||| ZAPPING wand of mindburst (8) at 3,-3 (Maurice;
                  | floor).
  7882 | D:8      | Killed Maurice
  7882 | D:8      | Reached * piety under Okawaru
  7883 | D:8      | Reached skill level 15 in Ranged Weapons
  7977 | D:8      | Found a flagged portal.
  8019 | D:8      | 8019 ||| RETREEEEATING.
  8020 | D:8      | 8020 ||| RETREEEEATING.
  8021 | D:8      | 8021 ||| RETREEEEATING.
  8022 | D:8      | 8022 ||| RETREEEEATING.
  8026 | D:8      | HP: 9/56 [orc warrior/+0 glaive (11)]
  8027 | D:8      | 8027 ||| READING 2 scrolls of teleportation.
  8028 | D:8      | 8028 ||| RETREEEEATING.
  8029 | D:8      | 8029 ||| RETREEEEATING.
  8031 | D:8      | 8031 ||| RETREEEEATING.
  8033 | D:8      | Reached skill level 1 in Invocations
  8033 | D:8      | 8033 ||| FLEEEEING.
  8034 | D:8      | 8034 ||| FLEEEEING.
  8035 | D:8      | 8035 ||| FLEEEEING.
  8036 | D:8      | 8036 ||| FLEEEEING.
  8036 | D:8      | Noticed a two-headed ogre
  8037 | D:8      | 8037 ||| READING scroll of teleportation.
  8037 | D:8      | HP: 2/58 [two-headed ogre/+0 giant spiked club (10)]
  8037 | D:8      | Mangled by a two-headed ogre

Levels and vault maps discovered:
D:1:      zelgadis_glass_arrival_small, layout_basic,
          hellmonk_ecumenical_altar_blasted, minmay_pentomino_o2
D:2:      layout_loops_cross, serial_glass, glass_columns_c, glass_columns_a,
          uniq_natasha
D:3:      minmay_bubble_buster, layout_loops_ring, uniq_ijyb, uniq_sigmund
D:4:      layout_loops_cross, mainiacjoe_overflow_alcove_2,
          mainiacjoe_overflow_boulevard, serial_glass, glass_columns_a,
          glass_columns_a, minmay_increasing_density, uniq_eustachio
D:5:      layout_layer_cave, mainiacjoe_overflow_surrounded_room,
          cheibrodos_sewer_entry_sluice, serial_shops, shop,
          minmay_tree_intersection, serial_bayou_pond_c,
          hangedman_abyss_or_decor_stagger, kennysheep_generic_room_8,
          uniq_prince_ribbit1, uniq_pikel, uniq_menkaure, uniq_blork_the_orc
D:6:      layout_gridville, mainiacjoe_overflow_cross_hatched, uniq_duvessa,
          uniq_maggie, uniq_grinder
D:7:      layout_loops_corners, overflow_temple_1_default,
          minmay_temple_entry_tees
D:8:      layout_basic, enter_bailey_3, kennysheep_crisscross, uniq_maurice
Temple:   regret_index_temple_sphere_string

Skill      XL: |  1  2  3  4  5  6  7  8  9 10 |
---------------+-------------------------------+-----
Ranged Weapons | 6 7 8 9 10 12 14 15 | 15.4
Dodging        | 3 4 5 8 |  8.8
Fighting       | 2 3 4 |  4.4
Armour         | 1 3 |  3.2
Invocations    | 1 |  1.0
Stealth        | |  1.2

Action                     |  1- 3 |  4- 6 |  7- 9 | 10-12 || total
---------------------------+-------+-------+-------+-------++-------
   Fire: Shortbow          |   116 |   201 |   482 |       ||   799
         Orcbow            |       |       |       |    65 ||    65
  Evoke: Wand              |       |       |       |     4 ||     4
    Use: Scroll            |     2 |     6 |    14 |     2 ||    24
         Potion            |     1 |     1 |     6 |       ||     8
 Armour: Leather armour    |    34 |    37 |   105 |       ||   176
         Fire dragon scale |       |       |    30 |    32 ||    62
  Dodge: Dodged            |    28 |    46 |   153 |    45 ||   272

Table legend:
 A = Non-vault XP
 B = Vault XP
 C = Vault XP percentage of total XP
 D = Non-vault monster count
 E = Vault monster count
 F = Vault count percentage of total count
                 A         B        C        D         E       F
            +---------+---------+-------+---------+---------+-------
      Total |    3102 |    3498 |  53.0 |     160 |      67 |  29.5
            +---------+---------+-------+---------+---------+-------
        D:1 |      57 |       2 |   3.4 |      31 |       2 |   6.1
        D:2 |      68 |      36 |  34.6 |      18 |       1 |   5.3
        D:3 |      91 |     282 |  75.6 |      18 |      12 |  40.0
        D:4 |     454 |     322 |  41.5 |      27 |       5 |  15.6
        D:5 |     764 |    1419 |  65.0 |      23 |      10 |  30.3
        D:6 |     363 |     666 |  64.7 |      17 |       2 |  10.5
        D:7 |    1030 |       0 |   0.0 |      15 |       0 |   0.0
        D:8 |     275 |     566 |  67.3 |      11 |       5 |  31.2
      Sewer |       0 |     205 | 100.0 |       0 |      30 | 100.0
            +---------+---------+-------+---------+---------+-------
